 Dungeon Crawl Stone Soup version 0.32-a0-630-g46d191b0ed (webtiles) character file.

Game seed: 4488963428120357630

70 mopl the Ruffian (level 4, 0/32 HPs)
             Began as a Djinni Shapeshifter on Mar 6, 2024.
             Killed from afar by Sigmund (2 damage)
             ... with a magic dart
             ... on level 2 of the Dungeon.
             The game lasted 00:01:32 (907 turns).

mopl the Ruffian (Djinni Shapeshifter)               Turns: 907, Time: 00:01:35

Health: 0/32       AC:  6    Str: 13 (15) XL:     4   Next: 45%
Gold:   119        EV:  9    Int: 10 (11) God:
                   SH:  0    Dex: 12 (13)

rFire   + +          .
                       - Unarmed
rCold   x . .        (no shield)
rNeg    . . .        f - +0 scale mail
rPois   ∞            (helmet currently unavailable)
rElec   .            (cloak currently unavailable)
rCorr   .            (gloves currently unavailable)
SInv    .            (boots unavailable)
Will    .....        (no amulet) Stlth
                     (no ring)
HPRegen 0.25/turn    (no ring)
MPRegen 0.00/turn

%: infuse magic (-1 HP)
@: confused, beast-form, flying
A: beast (slay +2), flying, sickness immunity, fire resistance 2, cold
vulnerability 1, float, innate caster, HP casting, extra vitality 1
a: Begin Untransformation


You were on level 2 of the Dungeon.
You were a hulking beast.
You visited 1 branch of the dungeon, and saw 2 of its levels.

You collected 119 gold pieces.

Inventory:

Armour
 e - a +0 helmet
 f - a +0 scale mail (worn)
Talismans
 c - a beast talisman (active)
 d - a flux talisman
Scrolls
 h - 2 scrolls of identify {unknown}
Potions
 a - a potion of curing {unknown}
 b - a potion of lignification {!q}
 g - a potion of resistance {unknown}
 i - a potion of degeneration


   Skills:
 - Level 1.0 Fighting
 - Level 2.1 Dodging
 * Level 4.1 Unarmed Combat
 * Level 3.5 Shapeshifting


You knew the following spells:

 Your Spells              Type           Power      Damage    Failure   Level
a - Sting                 Conj/Alch      0%         1d3       88%         1
Your spell library was empty.

Dungeon Overview and Level Annotations

Branches:
Dungeon (2/15)

Altars:
Ru

Annotations:
D:2 Sigmund


Innate Abilities, Weirdness & Mutations

You are a hulking beast.
Your limbs bulge with bestial killing power. (Slay +2)
You are flying.
You are immune to sickness and miasma.
You are immune to poison.
Your flesh is very heat resistant. (rF++)
You are vulnerable to cold. (rC-)
You float through the air rather than walking.
You learn spells naturally, not from books.
Your magical power is your life essence.
You have superior vitality. (+4 MHP)


Message History

Sigmund is heavily wounded.
You closely miss Sigmund.
Sigmund is heavily wounded.
Sigmund hits you with a +0 scythe.
You closely miss Sigmund.
Sigmund is heavily wounded.
You hit Sigmund but do no damage.
Sigmund is heavily wounded.
Sigmund barely misses you.
You hit Sigmund.
Sigmund is heavily wounded.
Sigmund casts a spell at you. The puff of flame hits you. You resist.
You hit Sigmund.
Sigmund is severely wounded.
Sigmund barely misses you.
You hit Sigmund but do no damage.
Sigmund is severely wounded.
You barely miss Sigmund.
Sigmund is severely wounded.
Sigmund points at you and mumbles some strange words.
The magic dart hits you.
* * * LOW HITPOINT WARNING * * *
You barely miss Sigmund.
Sigmund is severely wounded.
Sigmund gestures at you while chanting.
You are confused.
You bump into the rock wall.
Sigmund gestures at you while chanting. The puff of flame hits you. You resist.
* * * LOW HITPOINT WARNING * * *
You bump into the rock wall.
Sigmund hits you with a +0 scythe.
* * * LOW HITPOINT WARNING * * *
It was a potion of degeneration.
There was something very wrong with that liquid.
You feel weakened.
You feel dopey.
You feel clumsy. Sigmund casts a spell at you. The magic dart hits you.
You die...
Sigmund begins carving another notch in his scythe.

#.# #.# ##### ###
#.###.... ..#
#.##..## #.#
###......#######.#
.........#.....#.#
###..._....#...#.#
.....^..........!##.#
#
###............)h@..#
#### #
#.....#........####
..# ..........#...#.#
#.#
####.............#
..#####.#
#.##.#.########
......... ####.##.#.#
.#####.# .....##.#.
#.. ####.##.#. ####.#
..# .. #.....


You could see Sigmund.

Vanquished Creatures
  3 adders (D:2)
  2 ribbon worms (D:2)
  A dart slug (D:2)
  3 ball pythons (D:1)
  7 bats
  4 endoplasms (D:1)
  2 goblins (D:1)
  3 hobgoblins (D:2)
  4 quokkas
  3 frilled lizards
  3 kobolds (D:2)
35 creatures vanquished.

Notes
Turn   | Place    | Note
-------+----------+-------------------------------------------
     0 | D:1      | mopl the Djinni Shapeshifter began the quest for the Orb.
     0 | D:1      | Reached XP level 1. HP: 17/17 MP: 0/0
    81 | D:1      | Reached XP level 2. HP: 17/22 MP: 0/0
   145 | D:1      | Reached skill level 3 in Shapeshifting
   453 | D:1      | Reached XP level 3. HP: 20/27 MP: 0/0
   453 | D:1      | Learned a level 1 spell: Sting
   742 | D:2      | Reached XP level 4. HP: 32/32 MP: 0/0
   758 | D:2      | Reached skill level 4 in Unarmed Combat
   850 | D:2      | Found a sacrificial altar of Ru.
   888 | D:2      | Noticed Sigmund
   907 | D:2      | Killed from afar by Sigmund

Illustrated notes

Levels and vault maps discovered:
D:1:      mrwooster_arrival_statue_3, layout_basic
D:2:      layout_loops_ring, basic_altar, uniq_sigmund

Skill      XL: |  1  2  3  4 |
---------------+-------------+-----
Shapeshifting  | 3 |  3.5
Unarmed Combat | 4 |  4.1
Fighting       | |  1.0
Dodging        | |  2.1

Action                     |  1- 3 |  4- 6 || total
---------------------------+-------+-------++-------
  Melee: Unarmed           |    71 |    53 ||   124
         Punch             |     3 |     1 ||     4
    Use: Potion            |       |     1 ||     1
 Armour: Animal skin       |    21 |       ||    21
         Scale mail        |    21 |    34 ||    55
  Dodge: Dodged            |    39 |    22 ||    61

Table legend: (Time is in decaauts)
 A = Elapsed time spent in this place.
 B = Non-inter-level travel time spent in this place.
 C = Inter-level travel time spent in this place.
 D = Time resting spent in this place.
 E = Time spent auto-exploring this place.
 F = Levels seen in this place.
 G = Mean time per level.
                   A        B        C        D        E       F      G
               +--------+--------+--------+--------+--------+-----+--------+
         Total |    898 |    853 |     45 |      0 |    597 |   2 |  449.0 |
       Dungeon |    898 |    853 |     45 |      0 |    597 |   2 |  449.0 |
               +--------+--------+--------+--------+--------+-----+--------+

Top non-repeatable levels by time:
     D:1: 631 daAuts
     D:2: 266 daAuts
